 Dungeon Crawl Stone Soup version 0.24.0-35-gdb84b6a5db (webtiles) character file.

Game seed: 95129251481404208, levelgen mode: deterministic

1577 Iamsoldier the Charmwright (level 8, 0/64 HPs)
             Began as a Gnoll Skald on Nov 20, 2019.
             Was a Follower of Ashenzari.
             Slain by a sky beast (6 damage)
             ... on level 6 of the Dungeon.
             The game lasted 00:23:34 (6434 turns).

Iamsoldier the Charmwright (Gnoll Skald)            Turns: 6434, Time: 00:23:35

Health: 0/64       AC:  3    Str: 13 (16) XL:     8   Next: 91%
Magic:  16/17      EV: 14    Int: 13      God:    Ashenzari [*.....]
Gold:   288        SH:  2    Dex:  9 (13) Spells: 8/19 levels left

rFire    . . .     SeeInvis .   a - +0 spear
rCold    . . .     Gourm    .   (no shield)
rNeg     . . .     Faith    .   b - +0 leather armour
rPois    +         Spirit   .   (no helmet)
rElec    .         Reflect  +   (no cloak)
rCorr    .         Harm     .   (no gloves)
MR       .....                  (no boots)
Stlth    +++.......             l - +2 amulet of reflection (curse)
HPRegen  0.20/turn              (no ring)
MPRegen  0.15/turn              (no ring)

@: no status effects
A: distributed training, fangs 1, camouflage 1, blurry vision 2, clumsy 1, dopey
1, poison resistance, strong nose
a: Curse Item, Scrying, Renounce Religion


You were on level 6 of the Dungeon.
You worshipped Ashenzari.
Ashenzari was aware of your devotion.
You were not hungry.

You visited 1 branch of the dungeon, and saw 6 of its levels.

You collected 288 gold pieces.

Inventory:

Hand Weapons
 a - a +0 spear (weapon)
Missiles
 w - 13 boomerangs (quivered)
Armour
 b - a +0 leather armour (worn)
 g - a +0 plate armour
 i - a +0 shield
Jewellery
 h - an uncursed ring of ice
 l - a cursed +2 amulet of reflection (around neck)
Wands
 v - a wand of iceblast (5)
Scrolls
 c - 2 scrolls of identify
 e - 6 scrolls of remove curse
 f - 2 scrolls of amnesia
 k - 3 scrolls of enchant armour {unknown}
 m - a scroll of random uselessness {unknown}
 o - 2 scrolls of teleportation {unknown}
 p - 2 scrolls of magic mapping {unknown}
Comestibles
 d - 14 rations


   Skills:
 + Level 5.9 Fighting
 + Level 3.6 Short Blades
 + Level 3.6 Long Blades
 + Level 3.6 Axes
 + Level 3.6 Maces & Flails
 + Level 5.9 Polearms
 + Level 3.6 Staves
 + Level 3.6 Slings
 + Level 3.6 Bows
 + Level 3.6 Crossbows
 + Level 3.6 Throwing
 + Level 4.5 Armour
 + Level 5.9 Dodging
 + Level 3.6 Stealth
 + Level 3.6 Shields
 + Level 3.6 Unarmed Combat
 + Level 6.2 Spellcasting
 + Level 3.0 Conjurations
 + Level 3.0 Hexes
 + Level 6.2 Charms
 + Level 3.0 Summonings
 + Level 3.0 Necromancy
 + Level 3.0 Translocations
 + Level 3.0 Transmutations
 + Level 3.0 Fire Magic
 + Level 3.0 Ice Magic
 + Level 3.0 Air Magic
 + Level 3.0 Earth Magic
 + Level 3.0 Poison Magic
 + Level 4.0 Invocations
 + Level 3.6 Evocations


You had 8 spell levels left.
You knew the following spells:

 Your Spells              Type           Power        Failure   Level  Hunger
a - Infusion              Chrm           ###.         1%          1    None
b - Song of Slaying       Chrm           ###.....     2%          2    #......
c - Shroud of Golubria    Chrm/Tloc      ###...       4%          2    #......
d - Spectral Weapon       Hex/Chrm       ###.....     9%          3    ###....
e - Regeneration          Chrm/Necr      ###.......   9%          3    ###....

Your spell library contained the following spells:

 Spells                   Type           Power        Failure   Level  Hunger
 Summon Small Mammal      Summ           ##..         6%          1    None
 Call Imp                 Summ           ##......     9%          2    #......
 Call Canine Familiar     Summ           ##......     19%         3    ###....
 Summon Guardian Golem    Hex/Summ       ##......     19%         3    ###....
 Summon Ice Beast         Ice/Summ       ##......     52%         4    ####...
 Summon Lightning Spire   Summ/Air       ##......     52%         4    ####...


Dungeon Overview and Level Annotations

Branches:
Dungeon (6/15)
 Temple: D:4-7

Altars:
Ashenzari
Fedhas
Sif Muna
Vehumet

Annotations:
D:2 exclusion: oklob plant


Innate Abilities, Weirdness & Mutations

Your experience applies equally to all skills.
You have very sharp teeth.
Your uncanny sense of smell can sniff out nearby items.
Your skin changes colour to match your surroundings (Stealth+).
Scrolls take you longer to read.
You are clumsy. (Dex -2)
You are dopey. (Int -2)
Your system is resistant to poisons. (rPois)


Message History

Reactivating autopickup.
The sky beast misses you.
You closely miss the sky beast.
The sky beast is heavily wounded.
Your spectral weapon misses the sky beast.
The sky beast flickers out of sight!
Deactivating autopickup; reactivate with Ctrl-A.
Something hits you.
* * * LOW HITPOINT WARNING * * *
Something shocks you.
* * * LOW HITPOINT WARNING * * *
You barely miss something. Something hits you.
* * * LOW HITPOINT WARNING * * *
Something shocks you.
* * * LOW HITPOINT WARNING * * *
You hit something but do no damage. You bite something.
You barely miss something. Something hits you.
* * * LOW HITPOINT WARNING * * *
Something shocks you.
You die...

#(.... .# #.......# #
#.#...#.# (## #.......#
###..##.# #.......#
#........ #.#...#.#
####...Z....
#.......####....# ....#
#.......#{@.....##....#
#........(##...........
##############..........
#...##..#...
##...##.#....#
##...........
##.....>)....
#............
#....#.......


You could see a friendly spectral +0 spear.

Vanquished Creatures
  Pikel (D:4)
  A slave (D:4)
  A phantom (D:4)
  A necrophage (D:6)
  A wyvern zombie (D:6)
  A wyvern skeleton (D:4)
  A scorpion (D:5)
  A crimson imp (D:5)
  A quasit (D:5)
  4 hounds
  2 orc priests
  A gnoll shaman (D:4)
  3 orc wizards
  Ijyb (D:4)
  Natasha (thrice) (D:3)
  2 worker ants (D:5)
  A hound skeleton (D:4)
  A hound zombie (D:5)
  Robin (D:4)
  3 gnolls (D:4)
  7 adders
  A shadow imp (D:5)
  2 oozes
  An adder skeleton (D:4)
  3 worms
  A dart slug (D:2)
  3 leopard geckos
  9 orcs
  2 giant cockroaches
  11 goblins
  12 hobgoblins
  9 jackals
  6 kobolds
  A quokka (D:5)
  6 bats
  9 frilled lizards
  A jackal skeleton (D:4)
  3 rats
118 creatures vanquished.

Vanquished Creatures (others)
  A slave (D:4)
  Blork the orc (D:4)
  An orc wizard (D:3)
3 creatures vanquished.

Grand Total: 121 creatures vanquished

Notes
Turn   | Place    | Note
-------+----------+-------------------------------------------
     0 | D:1      | Iamsoldier the Gnoll Skald began the quest for the Orb.
     0 | D:1      | Reached XP level 1. HP: 20/20 MP: 6/6
   259 | D:1      | Reached XP level 2. HP: 26/26 MP: 7/7
   793 | D:2      | Found a shattered altar of Ashenzari.
   862 | D:2      | Reached XP level 3. HP: 26/31 MP: 9/9
  1032 | D:2      | Found a blossoming altar of Fedhas.
  1042 | D:2      | Noticed an oklob plant
  1104 | D:2      | Reached skill level 5 in Spellcasting
  1180 | D:2      | Learned a level 3 spell: Spectral Weapon
  1184 | D:2      | Learned a level 3 spell: Regeneration
  1187 | D:2      | Learned a level 2 spell: Song of Slaying
  1290 | D:2      | Reached skill level 1 in Invocations
  1590 | D:2      | Reached skill level 1 in Short Blades
  1590 | D:2      | Reached skill level 1 in Long Blades
  1590 | D:2      | Reached skill level 1 in Axes
  1590 | D:2      | Reached skill level 1 in Maces & Flails
  1590 | D:2      | Reached skill level 1 in Staves
  1590 | D:2      | Reached skill level 1 in Slings
  1590 | D:2      | Reached skill level 1 in Bows
  1590 | D:2      | Reached skill level 1 in Crossbows
  1590 | D:2      | Reached skill level 1 in Throwing
  1590 | D:2      | Reached skill level 1 in Stealth
  1590 | D:2      | Reached skill level 1 in Shields
  1590 | D:2      | Reached skill level 1 in Unarmed Combat
  1590 | D:2      | Reached skill level 1 in Evocations
  1590 | D:2      | Reached XP level 4. HP: 37/38 MP: 7/11
  2588 | D:3      | Reached skill level 1 in Conjurations
  2588 | D:3      | Reached skill level 1 in Hexes
  2588 | D:3      | Reached skill level 1 in Summonings
  2588 | D:3      | Reached skill level 1 in Necromancy
  2588 | D:3      | Reached skill level 1 in Translocations
  2588 | D:3      | Reached skill level 1 in Transmutations
  2588 | D:3      | Reached skill level 1 in Fire Magic
  2588 | D:3      | Reached skill level 1 in Ice Magic
  2588 | D:3      | Reached skill level 1 in Air Magic
  2588 | D:3      | Reached skill level 1 in Earth Magic
  2588 | D:3      | Reached skill level 1 in Poison Magic
  2588 | D:3      | Reached XP level 5. HP: 39/43 MP: 9/12
  2607 | D:3      | Learned a level 2 spell: Shroud of Golubria
  2653 | D:3      | Found a shimmering blue altar of Sif Muna.
  2727 | D:3      | Noticed Natasha
  2737 | D:3      | Killed Natasha
  2833 | D:3      | Reached XP level 6. HP: 33/50 MP: 11/13
  3156 | D:2      | Became a worshipper of Ashenzari the Shackled
  3194 | D:4      | Noticed Robin
  3209 | D:4      | Killed Robin
  3273 | D:3      | Noticed Natasha
  3281 | D:3      | Killed Natasha
  3433 | D:3      | Noticed Natasha
  3445 | D:3      | Killed Natasha
  3488 | D:4      | Reached skill level 5 in Fighting
  3488 | D:4      | Reached skill level 5 in Polearms
  3488 | D:4      | Reached skill level 5 in Dodging
  3517 | D:4      | Noticed a phantom
  3528 | D:4      | Killed a phantom
  3615 | D:4      | Noticed a slave
  3630 | D:4      | Killed a slave
  3631 | D:4      | Noticed Pikel
  3644 | D:4      | HP: 2/51 [Pikel/+1 whip of freezing (8)]
  3657 | D:4      | Killed Pikel
  3657 | D:4      | Reached XP level 7. HP: 19/56 MP: 11/15
  3657 | D:4      | Reached XP level 8. HP: 21/63 MP: 11/16
  3753 | D:4      | Killed Blork the orc
  4284 | D:4      | Noticed Ijyb
  4314 | D:4      | Killed Ijyb
  4811 | D:5      | Entered Level 5 of the Dungeon
  4937 | D:5      | Gained mutation: You expend magic power (3 MP) to
                  | strengthen your wands. [potion of mutation]
  4937 | D:5      | Gained mutation: You have a pair of small antennae on your
                  | head. [potion of mutation]
  4937 | D:5      | Gained mutation: You are frail. (-10% HP) [potion of
                  | mutation]
  4937 | D:5      | Gained mutation: Your skin changes colour to match your
                  | surroundings (Stealth+). [potion of mutation]
  4944 | D:5      | Lost mutation: You expend magic power (3 MP) to strengthen
                  | your wands. [potion of mutation]
  4944 | D:5      | Lost mutation: You are frail. (-10% HP) [potion of
                  | mutation]
  4944 | D:5      | Gained mutation: Your spells are a little easier to cast,
                  | but a little less powerful. [potion of mutation]
  4944 | D:5      | Gained mutation: You have an increased reservoir of magic.
                  | (+10% MP) [potion of mutation]
  4944 | D:5      | Gained mutation: You are occasionally teleported next to
                  | monsters. [potion of mutation]
  4944 | D:5      | Gained mutation: You are agile. (Dex +2) [potion of
                  | mutation]
  5395 | D:5      | Found a radiant altar of Vehumet.
  5645 | D:5      | Lost mutation: You have a pair of small antennae on your
                  | head. [potion of mutation]
  5645 | D:5      | Lost mutation: You are agile. (Dex +2) [potion of mutation]
  5645 | D:5      | Lost mutation: Your spells are a little easier to cast, but
                  | a little less powerful. [potion of mutation]
  5645 | D:5      | Lost mutation: You are occasionally teleported next to
                  | monsters. [potion of mutation]
  5645 | D:5      | Gained mutation: You are clumsy. (Dex -2) [potion of
                  | mutation]
  5645 | D:5      | Gained mutation: You occasionally shout uncontrollably at
                  | your foes. [potion of mutation]
  5645 | D:5      | Gained mutation: You are somewhat resistant to further
                  | mutation. [potion of mutation]
  5646 | D:5      | Lost mutation: You have an increased reservoir of magic.
                  | (+10% MP) [potion of mutation]
  5646 | D:5      | Lost mutation: You are somewhat resistant to further
                  | mutation. [potion of mutation]
  5646 | D:5      | Gained mutation: You expend magic power (3 MP) to
                  | strengthen your wands. [potion of mutation]
  5646 | D:5      | Gained mutation: You have a pair of small horns on your
                  | head. [potion of mutation]
  5647 | D:5      | Lost mutation: You occasionally shout uncontrollably at
                  | your foes. [potion of mutation]
  5647 | D:5      | Lost mutation: You expend magic power (3 MP) to strengthen
                  | your wands. [potion of mutation]
  5647 | D:5      | Lost mutation: You have a pair of small horns on your head.
                  | [potion of mutation]
  5647 | D:5      | Gained mutation: Scrolls take you a little longer to read.
                  | [potion of mutation]
  5647 | D:5      | Gained mutation: You are dopey. (Int -2) [potion of
                  | mutation]
  5647 | D:5      | Gained mutation: Scrolls take you longer to read. [potion
                  | of mutation]
  5647 | D:5      | Gained mutation: Your system is resistant to poisons.
                  | (rPois) [potion of mutation]
  5911 | D:6      | Reached * piety under Ashenzari
  6434 | D:6      | Slain by a sky beast

Levels and vault maps discovered:
D:1:      lemuel_arrival_broad_hall, layout_basic
D:2:      lemuel_upstairs_altar, layout_loops_cross, tgw_fedhas,
          ashenzari_altar_1, mrwooster_statue_mirror, uniq_jessica
D:3:      layout_basic, led_sif_book, uniq_natasha
D:4:      layout_gridville, first_ration, hangedman_glass_teeth, uniq_ijyb,
          uniq_blork_the_orc, uniq_robin, uniq_pikel
D:5:      layout_loops_ring, nicolae_overflow_crystal_walls, st_stairs_11,
          corexii_shack
D:6:      kennysheep_orc_sif_temple, layout_cave_pools,
          nicolae_qazlal_style_of_elements, lightli_temple_of_fire,
          lemuel_round_altar, temple_hall

Skill      XL: |  1  2  3  4  5  6  7  8 |
---------------+-------------------------+-----
Spellcasting   | 5 6 |  6.2
Invocations    | 1 3 4 |  4.0
Short Blades   | 1 2 3 |  3.6
Long Blades    | 1 2 3 |  3.6
Axes           | 1 2 3 |  3.6
Maces & Flails | 1 2 3 |  3.6
Staves         | 1 2 3 |  3.6
Slings         | 1 2 3 |  3.6
Bows           | 1 2 3 |  3.6
Crossbows      | 1 2 3 |  3.6
Throwing       | 1 2 3 |  3.6
Stealth        | 1 2 3 |  3.6
Shields        | 1 2 3 |  3.6
Unarmed Combat | 1 2 3 |  3.6
Evocations     | 1 2 3 |  3.6
Conjurations   | 1 2 3 |  3.0
Hexes          | 1 2 3 |  3.0
Summonings     | 1 2 3 |  3.0
Necromancy     | 1 2 3 |  3.0
Translocations | 1 2 3 |  3.0
Transmutations | 1 2 3 |  3.0
Fire Magic     | 1 2 3 |  3.0
Ice Magic      | 1 2 3 |  3.0
Air Magic      | 1 2 3 |  3.0
Earth Magic    | 1 2 3 |  3.0
Poison Magic   | 1 2 3 |  3.0
Armour         | 3 4 |  4.5
Fighting       | 5 |  5.9
Polearms       | 5 |  5.9
Dodging        | 5 |  5.9
Charms         | 6 |  6.2

Action                   |  1- 3 |  4- 6 |  7- 9 || total
-------------------------+-------+-------+-------++-------
Melee: Spear             |   137 |   202 |   267 ||   606
       Bite              |     9 |    18 |    27 ||    54
       Punch             |       |     1 |     4 ||     5
 Cast: Infusion          |     2 |     4 |     1 ||     7
       Spectral Weapon   |       |    13 |    15 ||    28
       Song of Slaying   |       |     1 |     1 ||     2
Invok: Curse Item        |       |       |     1 ||     1
  Use: Scroll            |     1 |       |     2 ||     3
       Potion            |       |     2 |    13 ||    15
 Stab: Sleeping          |     1 |     1 |     1 ||     3
       Distracted        |       |       |     4 ||     4
  Eat: Chunk             |     2 |     7 |     4 ||    13
       Ration            |       |       |     2 ||     2
Armor: Leather armour    |    15 |    15 |    33 ||    63
Dodge: Dodged            |    69 |    96 |   167 ||   332
Block: Other             |     2 |    11 |     6 ||    19
